 Dungeon Crawl Stone Soup version 0.21-a0-401-g0b6bec4 (webtiles) character file.

34 SCCSCCS the Cutter (level 3, -8/27 HPs)
             Began as a Vampire Gladiator on Oct 25, 2017.
             Splashed by a jelly's acid (10 damage)
             ... on level 2 of the Dungeon.
             The game lasted 00:04:28 (924 turns).

SCCSCCS the Cutter (Vampire Gladiator)               Turns: 924, Time: 00:04:29

Health: -8/27      AC:  0    Str: 14    XL:     3   Next: 14%
Magic:  3/3        EV: 13    Int: 10    God:
Gold:   57         SH:  0    Dex: 15    Spells: 2/2 levels left

rFire    + . .     SeeInvis +   a - +0 rapier
rCold    x . .     Gourm    .   (no shield)
rNeg     + . .     Faith    .   b - +0 leather armour
rPois    .         Spirit   .   c - +0 helmet
rElec    .         Reflect  .   (no cloak)
rCorr    .         Harm     .   (no gloves)
MR       .....                  (no boots)
Stlth    +.........             (no amulet)
HPRegen  0.09/turn              f - ring of fire
MPRegen  0.08/turn              (no ring)

@: corroded
A: fangs 3, see invisible, unbreathing
a: Bat Form


You were on level 2 of the Dungeon.
You were not thirsty.

You visited 1 branch of the dungeon, and saw 2 of its levels.

You collected 57 gold pieces.

Inventory:

Hand Weapons
 a - a +0 rapier (weapon)
Missiles
 d - 3 throwing nets (quivered)
Armour
 b - a +0 leather armour (worn)
 c - a +0 helmet (worn)
Jewellery
 f - a ring of fire (left hand)
Scrolls
 h - a scroll of immolation {unknown}
 i - a scroll of noise {unknown}
 j - a scroll of fog {unknown}
 k - a scroll of remove curse {unknown}
 l - a scroll of magic mapping {unknown}
Potions
 e - a potion of blood
 g - a potion of curing {unknown}


   Skills:
 * Level 2.2 Fighting
 * Level 3.7 Short Blades
 - Level 1.5 Throwing
 * Level 0.9 Armour
 * Level 3.7 Dodging


You had 2 spell levels left.
You didn't know any spells.

Dungeon Overview and Level Annotations

Branches:
Dungeon (2/15)

Altars:


Innate Abilities, Weirdness & Mutations

You have razor-sharp teeth.
You have supernaturally acute eyesight. (SInv)
You can survive without breathing.


Message History

You are too injured to fight recklessly!
You are too injured to fight recklessly!
You are too injured to fight recklessly!
You are too injured to fight recklessly!
You are too injured to fight recklessly!
You are too injured to fight recklessly!
You completely miss the jelly.
The jelly is heavily wounded.
The jelly misses you.
You hit the jelly.
Your hands burn!
* * * LOW HITPOINT WARNING * * *
The jelly is severely wounded.
The jelly barely misses you.
You hit the jelly but do no damage. The acid corrodes you!
Your hands burn!
* * * LOW HITPOINT WARNING * * *
The jelly is severely wounded.
The jelly hits you.
* * * LOW HITPOINT WARNING * * *
You are splashed with acid!
The acid burns!
You die...

... ..### .#
..##...##.#. ...........
#.......... ###
...#....## .########..
#........#
.....#....#####.........
.......##....?..@J.##
.......##...!..##.......
.......##......#....##..
.......##...†)....#.#
............(.........
.......######).#.##.##.
......## #....# # .
.....## #..#....
.######## .....##.


You could see a jelly.

Vanquished Creatures
  2 leopard geckos (D:1)
  6 goblins
  3 hobgoblins
  4 kobolds
  6 bats (D:1)
  9 rats
30 creatures vanquished.

Notes
Turn   | Place    | Note
-------+----------+-------------------------------------------
     0 | D:1      | SCCSCCS the Vampire Gladiator began the quest for the Orb.
     0 | D:1      | Reached XP level 1. HP: 16/16 MP: 1/1
    46 | D:1      | Reached XP level 2. HP: 18/22 MP: 2/2
   627 | D:1      | Reached XP level 3. HP: 27/27 MP: 3/3
   924 | D:2      | Splashed by a jelly's acid

Vault maps used:
D:1:      dpeg_arrival_arbitrary_b

Skill      XL: |  1 |
---------------+----+-----
Fighting       | 2 |  2.2
Short Blades   | |  3.7
Throwing       | |  1.5
Armour         | |  0.9
Dodging        | |  3.7

Action                   || total
-------------------------++-------
Melee: Rapier            ||    72
       Bite              ||     6
  Use: Scroll            ||     1
Armor: Leather armour    ||    22
Dodge: Dodged            ||    52

Table legend:
 A = Spawn XP
 B = Non-spawn XP
 C = Spawn XP percentage of total XP
 D = Spawn monster count
 E = Non-spawn monster count
 F = Spawn count percentage of total count
 G = Total turns spent on level
                    A         B        C        D         E        F      G
               +---------+---------+-------+---------+---------+-------+---------
         Total |       0 |      49 |   0.0 |       0 |      30 |   0.0 |   924
               +---------+---------+-------+---------+---------+-------+---------
           D:1 |       0 |      42 |   0.0 |       0 |      25 |   0.0 |   871
           D:2 |       0 |       7 |   0.0 |       0 |       5 |   0.0 |    53
               +---------+---------+-------+---------+---------+-------+---------
